 Dungeon Crawl Stone Soup version 0.15.1-3-g1b33baa (webtiles) character file.

560 Johnny the Chiller (level 6, -7/50 HPs)
             Began as a Demigod Ice Elementalist on Oct 7, 2014.
             Mangled by a gnoll
             ... wielding a +1 halberd of chopping
              (10 damage)
             ... on Level 6 of the Dungeon.
             The game lasted 00:16:28 (5074 turns).

Johnny the Chiller (Demigod Ice Elementalist)       Turns: 5074, Time: 00:16:28

HP  -7/50        AC  6     Str 13      XL: 6   Next: 82%
MP   5/17        EV  9     Int 21      God:
Gold 368         SH  0     Dex 15 (17) Spells:  2 memorised,  6 levels left

rFire  . . .     SeeInvis .     G - +1 whip (venom)
rCold  . . .     Clarity  .     C - +0 ring mail
rNeg   . . .     rCorr    .     (no shield)
rPois  .         rRot     .     m - +0 helmet
rElec  .         Spirit   .     (no cloak)
SustAb .         Warding  .     (no gloves)
rMut   .         Rnd*Tele +     (no boots)
Gourm  .                        (no amulet)
MR     .....                    r - ring of regeneration
                                n - cursed ring of loudness

@: very slightly contaminated, not resistant to hostile enchantments, very
unstealthy
A: teleportitis 1
a: no special abilities


You were on level 6 of the Dungeon.
You were near starving.

You visited 1 branch of the dungeon, and saw 6 of its levels.

You collected 368 gold pieces.

Inventory:

Hand weapons
 g - a +0 dagger
 l - a +4 dagger
 v - a +4 falchion
 w - a +2 mace of crushing
 G - a +1 whip of venom (weapon)
Armour
 e - a +0 leather armour
 m - a +0 helmet (worn)
 C - a +0 ring mail (worn)
Magical devices
 F - a wand of slowing (7) {unknown}
 H - a wand of frost (7)
Comestibles
 c - 3 bread rations
 f - a slice of pizza
 i - 3 meat rations
 t - a beef jerky
 z - 9 fruits
Scrolls
 p - a scroll of enchant armour
 u - a scroll of fog {unknown}
 x - a scroll of amnesia
 y - a scroll of remove curse {unknown}
 B - a scroll of recharging {unknown}
 D - a scroll of random uselessness {unknown}
 J - a scroll of blinking {unknown}
 K - a scroll of noise {unknown}
Jewellery
 n - a cursed ring of loudness (left hand)
 o - an uncursed ring of protection from fire {unknown}
 r - a ring of regeneration (right hand)
Potions
 a - 2 potions of beneficial mutation {unknown}
 d - 5 potions of curing {unknown}
 h - 2 potions of restore abilities {unknown}
 j - a potion of lignification {unknown}
 k - 2 potions of agility {unknown}
 q - 2 potions of confusion {unknown}
 s - a potion of might {unknown}
 A - a potion of degeneration {unknown}
 I - a potion of heal wounds {unknown}
 L - 2 potions of resistance {unknown}
Books
 b - a book of Frost

   Spells                             Type                      Level
   *Freeze                            Ice                          1
   Throw Frost                        Conjuration/Ice              2
   Ozocubu's Armour                   Charms/Ice                   3
   Throw Icicle                       Conjuration/Ice              4
   *Summon Ice Beast                  Ice/Summoning                4
   Condensation Shield                Ice                          4


   Skills:
 * Level 2.5 Fighting
 + Level 1.5 Armour
 + Level 2.6 Dodging
 + Level 2.9 Stealth
 * Level 3.3 Spellcasting
   Level 0.8 Conjurations
 * Level 1.9 Summonings
 * Level 4.2 Ice Magic
 + Level 0.2 Evocations


You had 6 spell levels left.
You knew the following spells:

 Your Spells              Type           Power        Failure   Level  Hunger
a - Freeze                Ice            ###.         3%          1    None
b - Summon Ice Beast      Ice/Summ       ###.....     61%         4    ####...


Dungeon Overview and Level Annotations

Branches:
Dungeon (6/15)
 Temple: D:4-7

Annotations:
D:5 Pikel
D:6 Eustachio


Innate Abilities, Weirdness & Mutations

Space occasionally distorts in your vicinity.


Message History

Attack!
Your ice beast closely misses the gnoll sergeant.
The gnoll sergeant hits you from afar with a glowing trident!
Unknown command.
You swap places.
The gnoll sergeant hits you with a glowing trident.
The gnoll closely misses you.
Unknown command.
Casting: Summon Ice Beast
Confirm with . or Enter, or press ? or * to list all spells.
Aiming: Freeze
Press: ? - help, Shift-Dir - straight line, f/p - gnoll sergeant
Aim: a gnoll sergeant, wielding a glowing trident and wearing a ring mail (heavily wounded)
You freeze the gnoll sergeant.
The gnoll sergeant is severely wounded.
The gnoll closely misses you.
The gnoll sergeant hits you with a glowing trident!
* * * LOW HITPOINT WARNING * * *
x2 The gnoll hits you from afar with a glowing halberd!
You die...

## ### .. #.# .. #.#
#$ #.# #.# #.# #.# #.#
#.###############.##
..............gY@.>#
#.##########.####g##
#. .........# #g#
############.# #.#
@......# #.# #.#
pr.....#####.# #.#
.......##....# #.#
(......##....####.####
#+#######....gg(.....#


You could see a gnoll sergeant, 2 gnolls and a friendly ice beast.

Vanquished Creatures
  An ogre (D:4)
  A scorpion (D:5)
  An orc wizard (D:3)
  A hound (D:5)
  2 worker ants
  5 adders
  2 gnolls (D:3)
  A giant mite (D:2)
  4 worms
  3 oozes
  5 orcs
  A bat skeleton (D:4)
  A giant cockroach (D:2)
  7 goblins
  7 hobgoblins
  2 jackals (D:3)
  11 kobolds
  A quokka (D:4)
  10 bats
  A giant cockroach zombie (D:5)
  3 giant geckos (D:2)
  3 giant newts
  A goblin skeleton (D:5)
  8 rats
82 creatures vanquished.

Vanquished Creatures (collateral kills)
  The ghost of Chiseanne the Magician, an average DEAE (D:4)
  A slave (D:5)
  A scorpion (D:5)
  3 worker ants (D:4)
  A worker ant zombie (D:5)
  2 adders
  3 gnolls
  A giant gecko (D:4)
  12 orcs
  A goblin (D:5)
  A hobgoblin (D:5)
27 creatures vanquished.

Vanquished Creatures (others)
  An eldritch tentacle (D:6)
  4 ice beasts
  94 eldritch tentacle segments (D:6)
99 creatures vanquished.

Grand Total: 208 creatures vanquished

Notes
Turn   | Place    | Note
--------------------------------------------------------------
     0 | D:1      | Johnny, the Demigod Ice Elementalist, began the quest for the Orb.
     0 | D:1      | Reached XP level 1. HP: 14/14 MP: 3/3
   378 | D:1      | Reached XP level 2. HP: 14/22 MP: 1/5
   913 | D:2      | Reached skill level 1 in Fighting
  1000 | D:2      | Reached XP level 3. HP: 14/28 MP: 3/8
  1213 | D:2      | Reached skill level 3 in Ice Magic
  2082 | D:3      | Reached XP level 4. HP: 30/35 MP: 8/11
  2121 | D:3      | Learned a level 4 spell: Summon Ice Beast
  2421 | D:3      | Reached XP level 5. HP: 33/41 MP: 0/12
  2964 | D:4      | Reached skill level 1 in Armour
  3054 | D:4      | Noticed Chiseanne's ghost (average DEAE)
  3210 | D:4      | Killed Chiseanne's ghost
  3210 | D:4      | Reached skill level 1 in Summonings
  3210 | D:4      | Reached XP level 6. HP: 23/48 MP: 0/17
  3722 | D:5      | Entered Level 5 of the Dungeon
  3850 | D:5      | Gained mutation: Space occasionally distorts in your vicinity. [mutagenic glow]
  3935 | D:5      | Reached skill level 4 in Ice Magic
  4163 | D:5      | Found a radiant altar of Vehumet.
  4461 | D:6      | Noticed Pikel
  4751 | D:6      | Noticed an eldritch tentacle
  4918 | D:6      | Noticed Eustachio
  4934 | D:6      | Killed an eldritch tentacle
  5074 | D:6      | Mangled by a gnoll

Action                   |  1- 3 |  4- 6 || total
-------------------------+-------+-------++-------
Melee: Unarmed           |    10 |       ||    10
       Dagger            |    44 |   133 ||   177
       Whip              |       |     2 ||     2
 Cast: Freeze            |    92 |    91 ||   183
       Summon Ice Beast  |       |    18 ||    18
  Use: Scroll            |       |     4 ||     4
  Eat: Chunk             |     4 |    15 ||    19
       Fruit             |       |     4 ||     4
       Royal jelly       |       |     1 ||     1
